Maple Leafs vs Sharks

Created - 29 novembre 2021 at 17:32

Goals
1 2 3 T
Maple Leafs 3 0 1 4
Sharks 1 3 1 5
Shots
1 2 3 T
Maple Leafs 17 6 8 31
Sharks 8 11 4 23

GoalsPenalties
1st period
1. Maple Leafs , Jake Gardiner 1 (Dougie Hamilton 11) at 2:52 (PP)
2. Sharks , J.T. Compher 5 (Chandler Stephenson 6, Blake Coleman 6) at 10:42 (PP)
3. Maple Leafs , Mark Stone 8 (Jakub Vrana 6, Nikita Zadorov 5) at 14:00
4. Maple Leafs , Jake Gardiner 2 (Jamie Benn 7) at 18:21 (PP)
Mark Borowiecki (SAN) for Roughing (Minor) at 1:27
Rudolfs Balcers (TOR) for Boarding (Minor) at 8:51
Joel Edmundson (SAN) for Roughing (Double Minor) at 17:07
2nd period
5. Sharks , Marcus Foligno 5 (Alex Pietrangelo 10, Mattias Ekholm 10) at 2:48
6. Sharks , William Nylander 6 (Leon Draisaitl 13) at 8:37
7. Sharks , William Nylander 7 (Alex Pietrangelo 11, Mattias Ekholm 11) at 16:20
William Carrier (TOR) for Cross-checking (Minor) at 0:27
Dougie Hamilton (TOR) for Hooking (Minor) at 11:33
3rd period
8. Maple Leafs , Mark Stone 9 (Jakub Vrana 7, Marcus Pettersson 5) at 4:48
9. Sharks , Leon Draisaitl 10 (Alex Pietrangelo 12, Luke Glendening 3) at 12:22
Jamie Benn (TOR) for Holding (Minor) at 6:51
Alex Pietrangelo (SAN) for Roughing (Minor) at 7:12
Cal Clutterbuck (SAN) for Charging (Minor) at 12:16
Marcus Pettersson (TOR) for Hooking (Minor) at 12:16
Mark Borowiecki (SAN) for Goalie Interference (Minor) at 15:55
Goalie Stats
Juuse Saros (TOR), 18 saves from 23 shots - (0,783), L, 4-6-0, 59:00 minutes
Vitek Vanecek (SAN), 27 saves from 31 shots - (0,871), W, 2-1-0, 60:00 minutes
3 StarsOfficial
1 - William Nylander (SAN)
2 - Mark Stone (TOR)
3 - Leon Draisaitl (SAN)
Referees : Tom Kowal and Dave Lewis
Linesman : Thor Nelson and Kiel Murchison
Game Note
No Game Note
Finance
Level 1 -- Attendance: 4055 (81,10%) -- Ticket Income 405 500 $
Level 2 -- Attendance: 4000 (100,00%) -- Ticket Income 200 000 $
Level 3 -- Attendance: 2009 (66,97%) -- Ticket Income 80 360 $
Level 4 -- Attendance: 3582 (89,55%) -- Ticket Income 71 640 $
Luxury Box -- Attendance: 724 (72,40%) -- Ticket Income 144 800 $
Game was played at the SAP Center.
Total Attendance: 14370 (84,53%)
Total Ticket Income: 902 300 $
Other Income: 442 127 $
Total Income: 1 344 427 $



Team Name Goals Shots Shots Attemp Shots Blocked PIM HIT PP PK FO%
Maple Leafs 43164810262 / 5 (40%)148%
Sharks 52356612311 / 4 (25%)252%

Maple Leafs
Player Name POS G A P +/- PIM HIT SHT SB MP PP MP PP SHT PK MP PK SHT FO% FOT
Alexander RadulovLW/RW000-1012015:403:5810:00057% 7
Brendan GallagherRW000-3011018:073:0000:00033% 3
Carl GunnarssonD0000010216:260:0003:1200% 0
Carter RowneyC/RW000000119:370:0002:48041% 17
Dougie HamiltonD011-2253023:563:2411:5900% 0
Jaccob SlavinD000-1010021:070:0003:1600% 0
Jack RoslovicC/RW000-1002010:270:0000:00058% 12
Jake GardinerD202-1003119:123:2420:5900% 0
Jakub VranaLW/RW0222022017:373:5810:0000% 1
Jamie BennC0112232019:203:0013:07053% 17
Jeff CarterC/LW000-2011016:583:5800:15053% 17
Marcus PetterssonD0110221017:453:3410:0000% 0
Mark StoneRW2022016020:103:3413:2210% 1
Michael GrabnerLW/RW000001019:370:0002:4800% 1
Nikita ZadorovD0110032317:580:0002:5400% 0
Rudolfs BalcersLW000-1221010:260:0000:0000% 0
Taylor HallLW000-3024018:573:0010:00043% 7
William CarrierLW000020006:480:0000:0000% 0
Sharks
Player Name POS G A P +/- PIM HIT SHT SB MP PP MP PP SHT PK MP PK SHT FO% FOT
Alex PietrangeloD0332213322:452:0603:2300% 0
Blake ColemanC/LW/RW0110044017:281:2623:34033% 3
Cal ClutterbuckRW000020004:400:0000:0000% 0
Chandler StephensonC/LW0110002015:481:2600:00035% 17
Colton SissonsC/LW/RW0000010016:100:0003:34045% 11
J.T. CompherC/LW/RW1010001013:541:2610:00050% 2
Joel EdmundsonD0001470015:450:0002:0600% 0
Leon DraisaitlC/LW/RW1122012019:574:4400:00063% 27
Luke GlendeningC/RW0111000110:380:0003:24069% 13
Marcus FolignoLW/RW1010002011:460:0000:0000% 0
Mark BorowieckiD000-14100015:520:0001:2900% 0
Mattias EkholmD0222032124:242:0713:2300% 0
Nate SchmidtD0001000019:024:0300:0100% 0
Nic DowdC/RW000000008:550:0003:24029% 7
Nick FolignoC/LW/RW0000000011:460:0000:0000% 0
Vladimir TarasenkoRW0001004020:084:4430:000100% 2
Vladislav GavrikovD000-1020122:084:0303:3400% 0
William NylanderC/LW/RW2021023018:144:4400:0000% 1

Maple Leafs

5 vs 5 Forward
Line #Left WingCenterRight WingPHYDFOFWanted %Time %Time Play
1Jakub VranaJamie BennMark Stone0143029%12:24
2Taylor HallJeff CarterBrendan Gallagher0233030%12:45
3Rudolfs BalcersJack RoslovicAlexander Radulov0232525%10:27
4William CarrierCarter RowneyMichael Grabner0231516%6:49
5 vs 5 Defense
Line #DefenseDefensePHYDFOFWanted %Time %Time Play
1Jaccob SlavinDougie Hamilton0413535%14:48
2Jake GardinerNikita Zadorov0413030%12:43
3Marcus PetterssonCarl Gunnarsson0502531%13:14
4Jaccob SlavinDougie Hamilton131104%1:40
Power Play Forward
Line #Left WingCenterRight WingPHYDFOFWanted %Time %Time Play
1Taylor HallJamie BennBrendan Gallagher0055043%3:00
2Jakub VranaJeff CarterAlexander Radulov0145057%3:58
Power Play Defense
Line #DefenseDefensePHYDFOFWanted %Time %Time Play
1Jake GardinerDougie Hamilton0415049%3:24
2Marcus PetterssonMark Stone0415051%3:34
Penalty Kill 4 Players Forward
Line #CenterWingPHYDFOFWanted %Time %Time Play
1Jamie BennMark Stone0325055%3:22
2Carter RowneyMichael Grabner0415045%2:48
Penalty Kill 4 Players Defense
Line #DefenseDefensePHYDFOFWanted %Time %Time Play
1Jaccob SlavinDougie Hamilton0505053%3:16
2Carl GunnarssonNikita Zadorov0505047%2:54
Penalty Kill 3 Players
Line #WingPHYDFOFWanted %Time %Time PlayDefenseDefensePHYDFOFWanted %Time %Time Play
1Mark Stone122500%0:00 Jaccob SlavinCarl Gunnarsson050500%0:00
2Carter Rowney041500%0:00 Nikita ZadorovDougie Hamilton140500%0:00
4 vs 4 Forward
Line #CenterWingPHYDFOFWanted %Time %Time Play
1Taylor HallBrendan Gallagher0145065%2:22
2Alexander RadulovJakub Vrana0235035%1:15
4 vs 4 Defense
Line #DefensePHYDFOFWanted %Time %Time Play
1Jake GardinerDougie Hamilton0415057%50% - 2:04
2Marcus PetterssonNikita Zadorov0415043%50% - 1:33
Last Minutes Offensive
Left WingCenterRight WingDefenseDefense
Taylor HallJamie BennMark StoneJaccob SlavinDougie Hamilton
Last Minutes Defensive
Left WingCenterRight WingDefenseDefense
Michael GrabnerCarter RowneyMark StoneJaccob SlavinDougie Hamilton
Time
Total ForwardTotal DefenseLast Minutes OffensiveLast Minutes Defensive
60:00 60:00 0:500:00
Extra Forwards
Normal PowerPlayPenalty Kill
Taylor Hall, Mark Stone, Jamie BennJack Roslovic, Jeff CarterMark Stone
Extra Defensemen
Normal PowerPlayPenalty Kill
Nikita Zadorov, Jaccob Slavin, Dougie HamiltonMarcus Pettersson, Carl GunnarssonJaccob Slavin
Penalty Shots
Taylor Hall, Jakub Vrana, Alexander Radulov, Mark Stone, Brendan Gallagher
Goalie
Juuse Saros, Pekka Rinne
Custom OT Lines Forwards
Mark Stone, Jamie Benn, Taylor Hall, Brendan Gallagher, Jakub Vrana, Alexander Radulov, Jeff Carter, Jack Roslovic, Carter Rowney, Rudolfs Balcers
Custom OT Lines Defensemen
Dougie Hamilton, Jaccob Slavin, Nikita Zadorov, Carl Gunnarsson, Marcus Pettersson
Scratches
Slater Koekkoek (Healthy), Greg Pateryn (Healthy)

Sharks

5 vs 5 Forward
Line #Left WingCenterRight WingPHYDFOFWanted %Time %Time Play
1William NylanderLeon DraisaitlVladimir Tarasenko1223432%13:30
2Blake ColemanChandler StephensonJ.T. Compher1223029%12:28
3Nick FolignoColton SissonsMarcus Foligno1222428%11:46
4Cal ClutterbuckNic DowdLuke Glendening1311211%4:41
5 vs 5 Defense
Line #DefenseDefensePHYDFOFWanted %Time %Time Play
1Alex PietrangeloMattias Ekholm1223431%13:18
2Nate SchmidtJoel Edmundson1223032%13:40
3Vladislav GavrikovMark Borowiecki1222232%13:31
4Alex PietrangeloMattias Ekholm122145%1:56
Power Play Forward
Line #Left WingCenterRight WingPHYDFOFWanted %Time %Time Play
1William NylanderLeon DraisaitlVladimir Tarasenko1136077%4:44
2Blake ColemanChandler StephensonJ.T. Compher1134023%1:26
Power Play Defense
Line #DefenseDefensePHYDFOFWanted %Time %Time Play
1Alex PietrangeloMattias Ekholm1136034%2:07
2Vladislav GavrikovNate Schmidt1134066%4:03
Penalty Kill 4 Players Forward
Line #CenterWingPHYDFOFWanted %Time %Time Play
1Colton SissonsBlake Coleman1315051%3:34
2Luke GlendeningNic Dowd1315049%3:24
Penalty Kill 4 Players Defense
Line #DefenseDefensePHYDFOFWanted %Time %Time Play
1Alex PietrangeloMattias Ekholm1315049%3:23
2Mark BorowieckiJoel Edmundson1315051%3:35
Penalty Kill 3 Players
Line #WingPHYDFOFWanted %Time %Time PlayDefenseDefensePHYDFOFWanted %Time %Time Play
1Nic Dowd050500%0:00 Alex PietrangeloMattias Ekholm050500%0:00
2Luke Glendening050500%0:00 Mark BorowieckiJoel Edmundson050500%0:00
4 vs 4 Forward
Line #CenterWingPHYDFOFWanted %Time %Time Play
1Luke GlendeningLeon Draisaitl1225047%1:43
2Chandler StephensonVladimir Tarasenko1225053%1:54
4 vs 4 Defense
Line #DefensePHYDFOFWanted %Time %Time Play
1Alex PietrangeloMattias Ekholm1225078%50% - 2:50
2Nate SchmidtVladislav Gavrikov1225022%50% - 0:47
Last Minutes Offensive
Left WingCenterRight WingDefenseDefense
Leon DraisaitlWilliam NylanderVladimir TarasenkoAlex PietrangeloMattias Ekholm
Last Minutes Defensive
Left WingCenterRight WingDefenseDefense
Colton SissonsLuke GlendeningNic DowdAlex PietrangeloMattias Ekholm
Time
Total ForwardTotal DefenseLast Minutes OffensiveLast Minutes Defensive
60:00 60:00 0:000:50
Extra Forwards
Normal PowerPlayPenalty Kill
Leon Draisaitl, Colton Sissons, J.T. CompherVladimir Tarasenko, Colton SissonsMarcus Foligno
Extra Defensemen
Normal PowerPlayPenalty Kill
Mark Borowiecki, Vladislav Gavrikov, Nate SchmidtMark Borowiecki, Vladislav GavrikovNate Schmidt
Penalty Shots
Leon Draisaitl, Marcus Foligno, Nic Dowd, Vladimir Tarasenko, Cal Clutterbuck
Goalie
Vitek Vanecek, Carter Hart
Custom OT Lines Forwards
Leon Draisaitl, William Nylander, J.T. Compher, Vladimir Tarasenko, Cal Clutterbuck, Nick Foligno, Colton Sissons, Marcus Foligno, Blake Coleman, Mark Borowiecki
Custom OT Lines Defensemen
Alex Pietrangelo, Joel Edmundson, Nate Schmidt, Vladislav Gavrikov, Mark Borowiecki
Scratches
None


Play-by-Play

1st period


0:01 of 1st period - Leon Draisaitl wins face-off versus Jamie Benn in neutral zone.
1:02 of 1st period - Blake Coleman is hit by Brendan Gallagher and loses puck.
1:07 of 1st period - Shot by Taylor Hall.
1:07 of 1st period - Stopped by Vitek Vanecek without a rebound.
1:08 of 1st period - Jack Roslovic wins face-off versus Colton Sissons in Sharks zone.
1:08 of 1st period - Jack Roslovic is hit by Mark Borowiecki.
1:22 of 1st period - Shot by Jack Roslovic.
1:22 of 1st period - Shot Misses the Net.
1:24 of 1st period - Shot by Marcus Pettersson.
1:24 of 1st period - Shot Misses the Net.
1:27 of 1st period - Minor Penalty to Mark Borowiecki for Roughing.
1:28 of 1st period - Luke Glendening wins face-off versus Jamie Benn in Sharks zone.
1:28 of 1st period - Luke Glendening is hit by Jamie Benn.
1:35 of 1st period - Icing by Jake Gardiner.
1:36 of 1st period - Colton Sissons wins face-off versus Jamie Benn in Maple Leafs zone.
1:37 of 1st period - Shot by Mattias Ekholm.
1:37 of 1st period - Shot Misses the Net.
1:45 of 1st period - Shot by Jamie Benn.
1:45 of 1st period - Stopped by Vitek Vanecek without a rebound.
1:46 of 1st period - Luke Glendening wins face-off versus Jakub Vrana in Sharks zone.
1:46 of 1st period - Luke Glendening is hit by Jakub Vrana.
1:56 of 1st period - Shot by Alexander Radulov.
1:56 of 1st period - Stopped by Vitek Vanecek with a rebound.
2:02 of 1st period - Shot by Mark Stone.
2:02 of 1st period - Shot Blocked by Luke Glendening.
2:52 of 1st period - Shot by Jake Gardiner.
2:52 of 1st period - Goal by Jake Gardiner - Maple Leafs : 1 - Sharks : 0.
2:53 of 1st period - Carter Rowney wins face-off versus William Nylander in neutral zone.
3:01 of 1st period - Shot by Carter Rowney.
3:01 of 1st period - Shot Blocked by Mattias Ekholm.
3:07 of 1st period - Shot by Michael Grabner.
3:07 of 1st period - Shot Blocked by Alex Pietrangelo.
3:09 of 1st period - Shot by Carter Rowney.
3:09 of 1st period - Stopped by Vitek Vanecek with a rebound.
3:15 of 1st period - Shot by Michael Grabner.
3:15 of 1st period - Shot Blocked by Alex Pietrangelo.
3:17 of 1st period - Shot by Nikita Zadorov.
3:17 of 1st period - Stopped by Vitek Vanecek without a rebound.
3:18 of 1st period - Jeff Carter wins face-off versus Blake Coleman in Sharks zone.
3:29 of 1st period - Shot by Jeff Carter.
3:29 of 1st period - Shot Misses the Net.
3:31 of 1st period - Shot by Jaccob Slavin.
3:31 of 1st period - Shot Misses the Net.
4:29 of 1st period - Shot by Alexander Radulov.
4:29 of 1st period - Stopped by Vitek Vanecek without a rebound.
4:30 of 1st period - Jamie Benn wins face-off versus Nic Dowd in Sharks zone.
4:32 of 1st period - Jakub Vrana is hit by Mark Borowiecki and loses puck.
5:03 of 1st period - Shot by Mark Stone.
5:03 of 1st period - Shot Misses the Net.
5:06 of 1st period - Icing by Nic Dowd.
5:07 of 1st period - Nic Dowd wins face-off versus Alexander Radulov in Sharks zone.
5:32 of 1st period - Icing by Dougie Hamilton.
5:33 of 1st period - Leon Draisaitl wins face-off versus Jack Roslovic in Maple Leafs zone.
5:33 of 1st period - Leon Draisaitl is hit by Dougie Hamilton.
5:36 of 1st period - William Nylander is hit by Dougie Hamilton and loses puck.
5:41 of 1st period - Shot by William Nylander.
5:41 of 1st period - Stopped by Juuse Saros without a rebound.
5:42 of 1st period - Colton Sissons wins face-off versus Jeff Carter in Maple Leafs zone.
6:41 of 1st period - Shot by Dougie Hamilton.
6:41 of 1st period - Stopped by Vitek Vanecek without a rebound.
6:42 of 1st period - Vladimir Tarasenko wins face-off versus Mark Stone in Sharks zone.
6:42 of 1st period - Vladimir Tarasenko is hit by Jakub Vrana.
7:27 of 1st period - Icing by Marcus Pettersson.
7:28 of 1st period - J.T. Compher wins face-off versus Jamie Benn in Maple Leafs zone.
7:28 of 1st period - J.T. Compher is hit by Marcus Pettersson.
7:31 of 1st period - Chandler Stephenson is hit by Carl Gunnarsson and loses puck.
8:39 of 1st period - Shot by Colton Sissons.
8:39 of 1st period - Shot Misses the Net.
8:41 of 1st period - Shot by Marcus Foligno.
8:41 of 1st period - Stopped by Juuse Saros without a rebound.
8:42 of 1st period - Leon Draisaitl wins face-off versus Jack Roslovic in Maple Leafs zone.
8:42 of 1st period - Leon Draisaitl is hit by Nikita Zadorov.
8:51 of 1st period - Minor Penalty to Rudolfs Balcers for Boarding.
8:52 of 1st period - Leon Draisaitl wins face-off versus Carter Rowney in Maple Leafs zone.
9:09 of 1st period - Shot by Vladimir Tarasenko.
9:09 of 1st period - Stopped by Juuse Saros with a rebound.
9:11 of 1st period - Shot by Mattias Ekholm.
9:11 of 1st period - Stopped by Juuse Saros without a rebound.
9:12 of 1st period - Leon Draisaitl wins face-off versus Carter Rowney in Maple Leafs zone.
9:38 of 1st period - Icing by Vladimir Tarasenko.
9:39 of 1st period - Leon Draisaitl wins face-off versus Carter Rowney in Sharks zone.
10:13 of 1st period - Dougie Hamilton is hit by Mattias Ekholm and loses puck.
10:22 of 1st period - Shot by Alex Pietrangelo.
10:22 of 1st period - Shot Misses the Net.
10:24 of 1st period - Shot by Chandler Stephenson.
10:24 of 1st period - Shot Misses the Net.
10:26 of 1st period - Shot by J.T. Compher.
10:26 of 1st period - Shot Misses the Net.
10:28 of 1st period - Shot by Chandler Stephenson.
10:28 of 1st period - Shot Misses the Net.
10:30 of 1st period - Shot by Alex Pietrangelo.
10:30 of 1st period - Shot Misses the Net.
10:32 of 1st period - Shot by Mattias Ekholm.
10:32 of 1st period - Shot Misses the Net.
10:34 of 1st period - Shot by Chandler Stephenson.
10:34 of 1st period - Shot Misses the Net.
10:36 of 1st period - Shot by Blake Coleman.
10:36 of 1st period - Stopped by Juuse Saros with a rebound.
10:38 of 1st period - Shot by Blake Coleman.
10:38 of 1st period - Stopped by Juuse Saros with a rebound.
10:40 of 1st period - Shot by Chandler Stephenson.
10:40 of 1st period - Deflect By J.T. Compher.
10:40 of 1st period - Shot Misses the Net.
10:42 of 1st period - Shot by J.T. Compher.
10:42 of 1st period - Goal by J.T. Compher - Maple Leafs : 1 - Sharks : 1.
10:43 of 1st period - Jack Roslovic wins face-off versus Colton Sissons in neutral zone.
10:50 of 1st period - Shot by Jake Gardiner.
10:50 of 1st period - Shot Misses the Net.
10:57 of 1st period - Icing by Marcus Foligno.
10:58 of 1st period - Carter Rowney wins face-off versus Colton Sissons in Sharks zone.
10:58 of 1st period - Carl Gunnarsson is hit by Joel Edmundson and loses puck.
11:10 of 1st period - Off-side.
11:11 of 1st period - Jack Roslovic wins face-off versus Leon Draisaitl in neutral zone.
11:30 of 1st period - Shot by Alexander Radulov.
11:30 of 1st period - Shot Misses the Net.
11:32 of 1st period - Shot by Nikita Zadorov.
11:32 of 1st period - Stopped by Vitek Vanecek with a rebound.
11:49 of 1st period - Icing by Alex Pietrangelo.
11:50 of 1st period - Leon Draisaitl wins face-off versus Carter Rowney in Sharks zone.
12:18 of 1st period - Jaccob Slavin is hit by Blake Coleman and loses puck.
12:34 of 1st period - Dougie Hamilton is hit by Joel Edmundson and loses puck.
13:33 of 1st period - Off-side.
13:34 of 1st period - Jamie Benn wins face-off versus Leon Draisaitl in neutral zone.
13:34 of 1st period - Jamie Benn is hit by William Nylander.
13:39 of 1st period - Jake Gardiner is hit by William Nylander and loses puck.
14:00 of 1st period - Shot by Mark Stone.
14:00 of 1st period - Goal by Mark Stone - Maple Leafs : 2 - Sharks : 1.
14:01 of 1st period - Jeff Carter wins face-off versus Chandler Stephenson in neutral zone.
14:23 of 1st period - Jeff Carter is hit by Joel Edmundson and loses puck.
15:04 of 1st period - Shot by William Nylander.
15:04 of 1st period - Shot Blocked by Nikita Zadorov.
15:06 of 1st period - Shot by Leon Draisaitl.
15:06 of 1st period - Stopped by Juuse Saros without a rebound.
15:07 of 1st period - Jack Roslovic wins face-off versus Nic Dowd in Maple Leafs zone.
15:20 of 1st period - Shot by Jack Roslovic.
15:20 of 1st period - Stopped by Vitek Vanecek with a rebound.
16:28 of 1st period - Shot by Jakub Vrana.
16:28 of 1st period - Deflect By Jamie Benn.
16:28 of 1st period - Stopped by Vitek Vanecek without a rebound.
16:29 of 1st period - Jeff Carter wins face-off versus Chandler Stephenson in Sharks zone.
16:53 of 1st period - Taylor Hall is hit by Joel Edmundson and loses puck.
16:56 of 1st period - Shot by Taylor Hall.
16:56 of 1st period - Shot Misses the Net.
16:58 of 1st period - Shot by Taylor Hall.
16:58 of 1st period - Shot Misses the Net.
17:07 of 1st period - Double Minor Penalty to Joel Edmundson for Roughing.
17:08 of 1st period - Alexander Radulov wins face-off versus Luke Glendening in Sharks zone.
17:21 of 1st period - Shot by Dougie Hamilton.
17:21 of 1st period - Stopped by Vitek Vanecek without a rebound.
17:22 of 1st period - Brendan Gallagher wins face-off versus Colton Sissons in Sharks zone.
17:56 of 1st period - Shot by Taylor Hall.
17:56 of 1st period - Stopped by Vitek Vanecek without a rebound.
17:57 of 1st period - Colton Sissons wins face-off versus Jeff Carter in Sharks zone.
18:19 of 1st period - Shot by Marcus Pettersson.
18:19 of 1st period - Stopped by Vitek Vanecek without a rebound.
18:20 of 1st period - Jamie Benn wins face-off versus Luke Glendening in Sharks zone.
18:21 of 1st period - Shot by Jake Gardiner.
18:21 of 1st period - Goal by Jake Gardiner - Maple Leafs : 3 - Sharks : 1.
18:22 of 1st period - Luke Glendening wins face-off versus Jeff Carter in neutral zone.
18:38 of 1st period - Shot by Jakub Vrana.
18:38 of 1st period - Stopped by Vitek Vanecek without a rebound.
18:39 of 1st period - Blake Coleman wins face-off versus Taylor Hall in Sharks zone.
18:39 of 1st period - Blake Coleman is hit by Taylor Hall.
18:51 of 1st period - Shot by Mark Stone.
18:51 of 1st period - Shot Misses the Net.
19:01 of 1st period - Alex Pietrangelo is hit by Jamie Benn and loses puck.
19:33 of 1st period - Icing by Marcus Pettersson.
19:34 of 1st period - Luke Glendening wins face-off versus Taylor Hall in Maple Leafs zone.
Goals for this period are 3 for Maple Leafs vs 1 for Sharks.
Shots for this period are 17 for Maple Leafs vs 8 for Sharks.

2nd period


0:01 of 2nd period - Jeff Carter wins face-off versus Blake Coleman in neutral zone.
0:27 of 2nd period - Minor Penalty to William Carrier for Cross-checking.
0:28 of 2nd period - Leon Draisaitl wins face-off versus Carter Rowney in Maple Leafs zone.
0:55 of 2nd period - Shot by William Nylander.
0:55 of 2nd period - Shot Misses the Net.
0:57 of 2nd period - Shot by Vladimir Tarasenko.
0:57 of 2nd period - Stopped by Juuse Saros without a rebound.
0:58 of 2nd period - Chandler Stephenson wins face-off versus Carter Rowney in Maple Leafs zone.
1:26 of 2nd period - Shot by Mark Stone.
1:26 of 2nd period - Shot Misses the Net.
1:28 of 2nd period - Shot by Mark Stone.
1:28 of 2nd period - Stopped by Vitek Vanecek without a rebound.
1:29 of 2nd period - Leon Draisaitl wins face-off versus Carter Rowney in Sharks zone.
1:34 of 2nd period - Shot by Vladimir Tarasenko.
1:34 of 2nd period - Stopped by Juuse Saros without a rebound.
1:35 of 2nd period - Leon Draisaitl wins face-off versus Carter Rowney in Maple Leafs zone.
1:36 of 2nd period - Shot by Vladislav Gavrikov.
1:36 of 2nd period - Shot Blocked by Michael Grabner.
1:38 of 2nd period - Shot by Vladislav Gavrikov.
1:38 of 2nd period - Shot Blocked by Carter Rowney.
1:40 of 2nd period - Shot by Vladimir Tarasenko.
1:40 of 2nd period - Shot Misses the Net.
1:42 of 2nd period - Shot by Vladislav Gavrikov.
1:42 of 2nd period - Shot Blocked by Nikita Zadorov.
1:44 of 2nd period - Shot by Leon Draisaitl.
1:44 of 2nd period - Shot Misses the Net.
2:19 of 2nd period - Leon Draisaitl is hit by Dougie Hamilton and loses puck.
2:36 of 2nd period - Shot by Alex Pietrangelo.
2:36 of 2nd period - Shot Misses the Net.
2:38 of 2nd period - Shot by Marcus Foligno.
2:38 of 2nd period - Shot Blocked by Nikita Zadorov.
2:40 of 2nd period - Shot by Marcus Foligno.
2:40 of 2nd period - Shot Misses the Net.
2:42 of 2nd period - Shot by Nick Foligno.
2:42 of 2nd period - Shot Misses the Net.
2:46 of 2nd period - Shot by Alex Pietrangelo.
2:46 of 2nd period - Shot Blocked by Jake Gardiner.
2:48 of 2nd period - Shot by Marcus Foligno.
2:48 of 2nd period - The goal is going for a video replay.
2:48 of 2nd period - The goal is good.
2:48 of 2nd period - Goal by Marcus Foligno - Maple Leafs : 3 - Sharks : 2.
2:49 of 2nd period - Jeff Carter wins face-off versus Chandler Stephenson in neutral zone.
2:57 of 2nd period - Shot by Chandler Stephenson.
2:57 of 2nd period - Stopped by Juuse Saros without a rebound.
2:58 of 2nd period - Jamie Benn wins face-off versus Chandler Stephenson in Maple Leafs zone.
3:32 of 2nd period - Mark Stone is hit by Blake Coleman and loses puck.
3:50 of 2nd period - Off-side.
3:51 of 2nd period - Taylor Hall wins face-off versus Leon Draisaitl in neutral zone.
3:54 of 2nd period - Alex Pietrangelo is hit by Taylor Hall and loses puck.
4:17 of 2nd period - Shot by Jeff Carter.
4:17 of 2nd period - Stopped by Vitek Vanecek without a rebound.
4:18 of 2nd period - Colton Sissons wins face-off versus Jack Roslovic in Sharks zone.
4:18 of 2nd period - Colton Sissons is hit by Rudolfs Balcers.
4:25 of 2nd period - Rudolfs Balcers is hit by Mark Borowiecki and loses puck.
4:28 of 2nd period - Shot by Rudolfs Balcers.
4:28 of 2nd period - Shot Misses the Net.
4:30 of 2nd period - Shot by Rudolfs Balcers.
4:30 of 2nd period - Stopped by Vitek Vanecek without a rebound.
4:31 of 2nd period - Jamie Benn wins face-off versus Nic Dowd in Sharks zone.
4:50 of 2nd period - Shot by Dougie Hamilton.
4:50 of 2nd period - Shot Misses the Net.
5:04 of 2nd period - Shot by Alex Pietrangelo.
5:04 of 2nd period - Stopped by Juuse Saros without a rebound.
5:05 of 2nd period - Leon Draisaitl wins face-off versus Jack Roslovic in Maple Leafs zone.
5:05 of 2nd period - William Nylander is hit by Nikita Zadorov and loses puck.
5:26 of 2nd period - Shot by Vladimir Tarasenko.
5:26 of 2nd period - Shot Misses the Net.
6:42 of 2nd period - Shot by Mark Stone.
6:42 of 2nd period - Stopped by Vitek Vanecek with a rebound.
6:44 of 2nd period - Shot by Mark Stone.
6:44 of 2nd period - Shot Misses the Net.
6:56 of 2nd period - Alex Pietrangelo is hit by Jamie Benn and loses puck.
7:21 of 2nd period - Shot by Blake Coleman.
7:21 of 2nd period - Shot Blocked by Carl Gunnarsson.
7:23 of 2nd period - Shot by J.T. Compher.
7:23 of 2nd period - Shot Misses the Net.
7:25 of 2nd period - Shot by Blake Coleman.
7:25 of 2nd period - Stopped by Juuse Saros without a rebound.
7:26 of 2nd period - Nic Dowd wins face-off versus Carter Rowney in Maple Leafs zone.
8:02 of 2nd period - Icing by Marcus Pettersson.
8:03 of 2nd period - Leon Draisaitl wins face-off versus Michael Grabner in Maple Leafs zone.
8:25 of 2nd period - Icing by Carter Rowney.
8:26 of 2nd period - Carter Rowney wins face-off versus Chandler Stephenson in Maple Leafs zone.
8:33 of 2nd period - Shot by Mattias Ekholm.
8:33 of 2nd period - Stopped by Juuse Saros without a rebound.
8:34 of 2nd period - Leon Draisaitl wins face-off versus Jeff Carter in Maple Leafs zone.
8:37 of 2nd period - Shot by William Nylander.
8:37 of 2nd period - Goal by William Nylander - Maple Leafs : 3 - Sharks : 3.
8:38 of 2nd period - Leon Draisaitl wins face-off versus Brendan Gallagher in neutral zone.
8:49 of 2nd period - Brendan Gallagher is hit by Mattias Ekholm and loses puck.
10:59 of 2nd period - Shot by Vladislav Gavrikov.
10:59 of 2nd period - Shot Misses the Net.
11:08 of 2nd period - Jack Roslovic is hit by Mark Borowiecki.
11:16 of 2nd period - Shot by Jack Roslovic.
11:16 of 2nd period - Stopped by Vitek Vanecek without a rebound.
11:17 of 2nd period - Carter Rowney wins face-off versus Nic Dowd in Sharks zone.
11:18 of 2nd period - Shot by Dougie Hamilton.
11:18 of 2nd period - Shot Blocked by Alex Pietrangelo.
11:25 of 2nd period - Luke Glendening is hit by Dougie Hamilton and loses puck.
11:33 of 2nd period - Minor Penalty to Dougie Hamilton for Hooking.
11:34 of 2nd period - Carter Rowney wins face-off versus Leon Draisaitl in Maple Leafs zone.
11:42 of 2nd period - Leon Draisaitl is hit by Michael Grabner and loses puck.
11:57 of 2nd period - Mark Stone is hit by Leon Draisaitl and loses puck.
12:07 of 2nd period - Icing by William Nylander.
12:08 of 2nd period - Carter Rowney wins face-off versus Leon Draisaitl in Sharks zone.
12:29 of 2nd period - Shot by Michael Grabner.
12:29 of 2nd period - Shot Misses the Net.
12:46 of 2nd period - Icing by Leon Draisaitl.
12:47 of 2nd period - Jamie Benn wins face-off versus Leon Draisaitl in Sharks zone.
13:25 of 2nd period - Icing by Blake Coleman.
13:26 of 2nd period - Carter Rowney wins face-off versus Chandler Stephenson in Sharks zone.
13:26 of 2nd period - Carter Rowney is hit by Mattias Ekholm.
13:28 of 2nd period - Shot by Michael Grabner.
13:28 of 2nd period - Shot Misses the Net.
13:33 of 2nd period - Off-side.
13:34 of 2nd period - Jeff Carter wins face-off versus Chandler Stephenson in neutral zone.
13:40 of 2nd period - Brendan Gallagher is hit by Alex Pietrangelo.
14:08 of 2nd period - Shot by Blake Coleman.
14:08 of 2nd period - Shot Misses the Net.
14:10 of 2nd period - Shot by Blake Coleman.
14:10 of 2nd period - Stopped by Juuse Saros without a rebound.
14:11 of 2nd period - Colton Sissons wins face-off versus Jamie Benn in Maple Leafs zone.
14:35 of 2nd period - Nick Foligno is hit by Dougie Hamilton and loses puck.
14:55 of 2nd period - Mark Stone is hit by Joel Edmundson and loses puck.
15:21 of 2nd period - Jack Roslovic is hit by Joel Edmundson and loses puck.
15:29 of 2nd period - Alexander Radulov is hit by Joel Edmundson and loses puck.
15:56 of 2nd period - Shot by Brendan Gallagher.
15:56 of 2nd period - Stopped by Vitek Vanecek without a rebound.
15:57 of 2nd period - Leon Draisaitl wins face-off versus Jeff Carter in Sharks zone.
16:18 of 2nd period - Shot by Alex Pietrangelo.
16:18 of 2nd period - Shot Blocked by Carl Gunnarsson.
16:20 of 2nd period - Shot by William Nylander.
16:20 of 2nd period - Goal by William Nylander - Maple Leafs : 3 - Sharks : 4.
16:21 of 2nd period - Jamie Benn wins face-off versus J.T. Compher in neutral zone.
16:21 of 2nd period - Jamie Benn is hit by Blake Coleman.
16:42 of 2nd period - Jakub Vrana is hit by Mark Borowiecki.
17:32 of 2nd period - Shot by Vladimir Tarasenko.
17:32 of 2nd period - Stopped by Juuse Saros without a rebound.
17:33 of 2nd period - Jack Roslovic wins face-off versus Nic Dowd in Maple Leafs zone.
17:48 of 2nd period - Shot by Luke Glendening.
17:48 of 2nd period - Shot Misses the Net.
17:57 of 2nd period - Icing by Marcus Pettersson.
17:58 of 2nd period - Jack Roslovic wins face-off versus Leon Draisaitl in Maple Leafs zone.
18:24 of 2nd period - Vladimir Tarasenko is hit by Rudolfs Balcers.
18:36 of 2nd period - Shot by Leon Draisaitl.
18:36 of 2nd period - Shot Misses the Net.
Goals for this period are 0 for Maple Leafs vs 3 for Sharks.
Shots for this period are 6 for Maple Leafs vs 11 for Sharks.

3rd period


0:01 of 3rd period - Leon Draisaitl wins face-off versus Jeff Carter in neutral zone.
0:05 of 3rd period - Shot by Alex Pietrangelo.
0:05 of 3rd period - Stopped by Juuse Saros with a rebound.
1:27 of 3rd period - Chandler Stephenson is hit by Jaccob Slavin and loses puck.
2:02 of 3rd period - Mark Borowiecki is hit by Alexander Radulov and loses puck.
2:18 of 3rd period - Alexander Radulov is hit by Mark Borowiecki and loses puck.
2:29 of 3rd period - Shot by Rudolfs Balcers.
2:29 of 3rd period - Shot Blocked by Vladislav Gavrikov.
2:52 of 3rd period - William Carrier is hit by Colton Sissons and loses puck.
3:10 of 3rd period - William Carrier is hit by Mark Borowiecki and loses puck.
3:13 of 3rd period - Shot by Carter Rowney.
3:13 of 3rd period - Shot Misses the Net.
3:20 of 3rd period - Michael Grabner is hit by Mark Borowiecki and loses puck.
3:32 of 3rd period - Icing by Mark Borowiecki.
3:33 of 3rd period - Jeff Carter wins face-off versus Colton Sissons in Sharks zone.
3:55 of 3rd period - Brendan Gallagher is hit by Mark Borowiecki.
4:15 of 3rd period - Taylor Hall is hit by Mark Borowiecki and loses puck.
4:46 of 3rd period - Shot by Jakub Vrana.
4:46 of 3rd period - Shot Misses the Net.
4:48 of 3rd period - Shot by Mark Stone.
4:48 of 3rd period - Goal by Mark Stone - Maple Leafs : 4 - Sharks : 4.
4:49 of 3rd period - Jack Roslovic wins face-off versus Leon Draisaitl in neutral zone.
5:30 of 3rd period - Shot by Rudolfs Balcers.
5:30 of 3rd period - Shot Misses the Net.
5:32 of 3rd period - Shot by Rudolfs Balcers.
5:32 of 3rd period - Shot Misses the Net.
5:51 of 3rd period - Shot by Mark Stone.
5:51 of 3rd period - Shot Misses the Net.
5:53 of 3rd period - Shot by Mark Stone.
5:53 of 3rd period - Stopped by Vitek Vanecek without a rebound.
5:54 of 3rd period - Chandler Stephenson wins face-off versus Jeff Carter in Sharks zone.
6:45 of 3rd period - Icing by Nate Schmidt.
6:46 of 3rd period - Chandler Stephenson wins face-off versus Jamie Benn in Sharks zone.
6:46 of 3rd period - Chandler Stephenson is hit by Mark Stone.
6:51 of 3rd period - Minor Penalty to Jamie Benn for Holding.
6:52 of 3rd period - Leon Draisaitl wins face-off versus Carter Rowney in Maple Leafs zone.
7:12 of 3rd period - Minor Penalty to Alex Pietrangelo for Roughing.
7:13 of 3rd period - Alexander Radulov wins face-off versus Luke Glendening in Sharks zone.
7:41 of 3rd period - Shot by Jakub Vrana.
7:41 of 3rd period - Shot Misses the Net.
7:43 of 3rd period - Shot by Dougie Hamilton.
7:43 of 3rd period - Stopped by Vitek Vanecek without a rebound.
7:44 of 3rd period - Vladimir Tarasenko wins face-off versus Taylor Hall in Sharks zone.
7:51 of 3rd period - Shot by Vladimir Tarasenko.
7:51 of 3rd period - Shot Misses the Net.
7:56 of 3rd period - Off-side.
7:57 of 3rd period - Taylor Hall wins face-off versus Chandler Stephenson in neutral zone.
8:07 of 3rd period - Shot by Nikita Zadorov.
8:07 of 3rd period - Shot Misses the Net.
8:44 of 3rd period - Icing by Mark Borowiecki.
8:45 of 3rd period - Chandler Stephenson wins face-off versus Alexander Radulov in Sharks zone.
9:01 of 3rd period - Jeff Carter is hit by Vladislav Gavrikov and loses puck.
9:14 of 3rd period - Shot by Michael Grabner.
9:14 of 3rd period - Shot Misses the Net.
10:12 of 3rd period - Icing by Marcus Pettersson.
10:13 of 3rd period - Jeff Carter wins face-off versus Leon Draisaitl in Maple Leafs zone.
10:30 of 3rd period - Shot by Taylor Hall.
10:30 of 3rd period - Shot Misses the Net.
10:44 of 3rd period - Shot by Taylor Hall.
10:44 of 3rd period - Shot Misses the Net.
10:49 of 3rd period - Icing by Mattias Ekholm.
10:50 of 3rd period - Jamie Benn wins face-off versus Leon Draisaitl in Sharks zone.
11:14 of 3rd period - Shot by Jakub Vrana.
11:14 of 3rd period - Stopped by Vitek Vanecek with a rebound.
11:35 of 3rd period - Icing by Blake Coleman.
11:36 of 3rd period - Chandler Stephenson wins face-off versus Jack Roslovic in Sharks zone.
12:14 of 3rd period - Luke Glendening is hit by Marcus Pettersson and loses puck.
12:16 of 3rd period - Minor Penalty to Cal Clutterbuck for Charging.
12:16 of 3rd period - Minor Penalty to Marcus Pettersson for Hooking.
12:17 of 3rd period - Luke Glendening wins face-off versus Taylor Hall in Maple Leafs zone.
12:22 of 3rd period - Shot by Leon Draisaitl.
12:22 of 3rd period - Goal by Leon Draisaitl - Maple Leafs : 4 - Sharks : 5.
12:23 of 3rd period - Taylor Hall wins face-off versus Luke Glendening in neutral zone.
12:40 of 3rd period - Shot by Taylor Hall.
12:40 of 3rd period - Stopped by Vitek Vanecek without a rebound.
12:41 of 3rd period - Chandler Stephenson wins face-off versus Alexander Radulov in Sharks zone.
12:41 of 3rd period - Chandler Stephenson is hit by Nikita Zadorov.
12:57 of 3rd period - Shot by Chandler Stephenson.
12:57 of 3rd period - Stopped by Juuse Saros without a rebound.
12:58 of 3rd period - Luke Glendening wins face-off versus Brendan Gallagher in Maple Leafs zone.
13:09 of 3rd period - Shot by Leon Draisaitl.
13:09 of 3rd period - Shot Misses the Net.
14:04 of 3rd period - Icing by Nate Schmidt.
14:05 of 3rd period - Alexander Radulov wins face-off versus Chandler Stephenson in Sharks zone.
14:11 of 3rd period - Icing by Vladislav Gavrikov.
14:12 of 3rd period - Alexander Radulov wins face-off versus Chandler Stephenson in Sharks zone.
15:24 of 3rd period - Shot by Mark Stone.
15:24 of 3rd period - Shot Misses the Net.
15:39 of 3rd period - Shot by Mattias Ekholm.
15:39 of 3rd period - Shot Misses the Net.
15:41 of 3rd period - Shot by Alex Pietrangelo.
15:41 of 3rd period - Stopped by Juuse Saros without a rebound.
15:42 of 3rd period - Jeff Carter wins face-off versus Chandler Stephenson in Maple Leafs zone.
15:42 of 3rd period - Jeff Carter is hit by Blake Coleman.
15:55 of 3rd period - Minor Penalty to Mark Borowiecki for Goalie Interference.
15:56 of 3rd period - Luke Glendening wins face-off versus Jeff Carter in Sharks zone.
15:56 of 3rd period - Luke Glendening is hit by Jeff Carter.
17:50 of 3rd period - Alexander Radulov is hit by Vladislav Gavrikov and loses puck.
17:53 of 3rd period - Shot by Mark Stone.
17:53 of 3rd period - Stopped by Vitek Vanecek without a rebound.
17:54 of 3rd period - Jamie Benn wins face-off versus Colton Sissons in Sharks zone.
19:00 of 3rd period - Maple Leafs, Juuse Saros is pulled from the net.
19:09 of 3rd period - Shot by Jake Gardiner.
19:09 of 3rd period - Stopped by Vitek Vanecek without a rebound.
19:10 of 3rd period - Luke Glendening wins face-off versus Jamie Benn in Sharks zone.
19:57 of 3rd period - Shot by Taylor Hall.
19:57 of 3rd period - Stopped by Vitek Vanecek without a rebound.
19:58 of 3rd period - Luke Glendening wins face-off versus Jamie Benn in Sharks zone.
Goals for this period are 1 for Maple Leafs vs 1 for Sharks.
Shots for this period are 8 for Maple Leafs vs 4 for Sharks.